cohdb
Replays
Latest Replays
All Replays
Popular Replays
Top Player Replays
Match Explorer
How It Works
Community
CoH3 Stats
Reddit
Sign in to upload your games and track your stats! →
Sign in with Steam
Match 44882193
Unlisted
Match 44882193
Overview
Messages
Build Orders
End
Royal Engineer Section
Construct Section Command Post
Infantry Section
Infantry Section
Infantry Section
Grenade Package
Construct Platoon Command Post
Selects Indian Artillery Battlegroup
Selects Valour
Construct Field Infirmary
Humber Armored Car
Selects Gurkha Rifles Section
Infantry Training
Vickers Machine Gun Team
Gurkha Rifles Section
Construct Company Command Post
Selects Volunteer Infantry
Crusader II Medium Tank
Foot Guards Section
6-pounder Anti-tank Gun Team
Selects Artillery Saturation
Selects Off-map Airburst Barrage
6-pounder Anti-tank Gun Team
Selects Perimeter Monitor
Perimeter Monitor
Crusader II Medium Tank
Crusader II Medium Tank
Crusader II Medium Tank
Crusader II Medium Tank
Foot Guards Section
Royal Engineer Section
Bootyquake
Der Adler
0
0
Comments
sign in to comment!
No comments posted yet!